 Dungeon Crawl Stone Soup version 0.19-a0-1879-gd95bc26 (webtiles) character file.

415 Grim the Destroyer (level 6, -2/32 HPs)
             Began as a Deep Elf Conjurer on Oct 14, 2016.
             Slain by an ogre
             ... wielding a +0 giant spiked club
              (34 damage)
             ... on level 4 of the Dungeon.
             The game lasted 00:14:02 (4556 turns).

Grim the Destroyer (Deep Elf Conjurer)              Turns: 4556, Time: 00:14:02

Health: -2/32      AC:  4    Str:  5    XL:     6   Next: 60%
Magic:  1/12       EV: 12    Int: 22    God:
Gold:   255        SH:  0    Dex: 15    Spells: 3 memorised, 4 levels left

rFire  . . .     SeeInvis .     (no weapon)
rCold  . . .     Gourm    .     B - +0 leather armour (curse)
rNeg   . . .     Faith    .     (no shield)
rPois  .         Spirit   .     (no helmet)
rElec  .         Dismiss  .     (no cloak)
rCorr  .         Reflect  .     t - +0 pair of gloves
MR     .....     Harm     .     (no boots)
Stlth  ++........               (no amulet)
                                s - ring of wizardry
                                r - +4 ring of slaying

@: starving
A: no striking features
a: no special abilities


You were on level 4 of the Dungeon.
You were starving.

You visited 1 branch of the dungeon, and saw 4 of its levels.

You collected 255 gold pieces.

Inventory:

Armour
 a - a +1 robe
 t - a +0 pair of gloves (worn)
 B - a cursed +0 leather armour (worn)
Jewellery
 o - an uncursed amulet of magic regeneration {unknown}
 r - a +4 ring of slaying (left hand)
 s - a ring of wizardry (right hand)
Wands
 v - a wand of flame (13/48)
Scrolls
 h - a scroll of fear
 l - a scroll of blinking
 u - a scroll of identify
 x - a scroll of enchant weapon
 y - 2 scrolls of enchant armour
Potions
 e - a potion of invisibility {unknown}
 j - a potion of mutation {unknown}
 k - a potion of berserk rage
 m - a potion of brilliance
 n - a potion of magic
 p - a potion of might {unknown}
Books
 b - a book of Conjurations

   Spells                             Type                      Level
   a - Magic Dart                     Conjuration                  1
   b - Searing Ray                    Conjuration                  2
   c - Dazzling Spray                 Conjuration/Hexes            3
   d - Fulminant Prism                Conjuration/Hexes            4
   e - Iskenderun's Mystic Blast      Conjuration                  4
   f - Iskenderun's Battlesphere      Conjuration/Charms           5
Comestibles
 c - 4 bread rations
 f - a slice of pizza
 g - 4 meat rations
 i - a beef jerky
 q - 3 fruits


   Skills:
 - Level 2.4 Dodging
 - Level 2.4 Stealth
 - Level 3.0 Spellcasting
 + Level 8.8 Conjurations


You had 4 spell levels left.
You knew the following spells:

 Your Spells              Type           Power        Failure   Level  Hunger
a - Magic Dart            Conj           ####         1%          1    None
b - Searing Ray           Conj           #####.       1%          2    ##.....
c - Iskenderun's Mystic   Conj           #####...     2%          4    ####...


Dungeon Overview and Level Annotations

Branches:
Dungeon (4/15)
 Temple: D:4-7

Altars:
Ashenzari
Elyvilon
Kikubaaqudgha


Message History

Casting: Iskenderun's Mystic Blast
Confirm with . or Enter, or press ? or * to list all spells.
Aiming: Searing Ray
Press: ? - help, Shift-Dir - straight line, f/p - ogre
Aim: an ogre, wielding a giant spiked club (heavily wounded)
The searing ray misses the ogre.
You are starving!
The searing ray hits the ogre.
The ogre is severely wounded.
The ogre hits you with a giant spiked club!!
Ouch! That really hurt!
* * * LOW HITPOINT WARNING * * *
Without enough magic to sustain it, your searing ray dissipates.
The ogre barely misses you.
Okay, then.
You feel much better.
You start eating the beef jerky.
The ogre hits you with a giant spiked club!!
Ouch! That really hurt!
You die...

#.# ##..####.)......<..# #.#
#.........##.##.#### #.###
#...#####.##.##.# #...### #...#
#.......# ......# #...# ####.####
#### .##.#.#####...######......#
#...
.##.#..............#.#.##.####...
.#.............O.......#.........
....#...........@..#.#.....###...
..###.#####...#####).......# #...
......# #...# #........# ####
#.##### #...# #.##.#...# #.#
#...# #.##.....# #.# #...#
#.#####..###### #.####### ##.##
#.#####..##.... ........# #.####
#........##.###
#.#####>####.##.##########.......


You could see an ogre.

Vanquished Creatures
  A phantom (D:4)
  An ogre (D:4)
  An iguana (D:4)
  Jessica (D:3)
  A gnoll (D:1)
  6 adders
  2 oozes
  2 adder skeletons (D:4)
  2 worms
  5 dart slugs
  2 leopard geckos
  4 orcs
  6 giant cockroaches
  8 goblins
  6 hobgoblins
  12 jackals
  9 kobolds
  2 quokkas
  3 ball pythons
  13 bats
  4 frilled lizards
  7 rats
98 creatures vanquished.

Notes
Turn   | Place    | Note
-------+----------+-------------------------------------------
     0 | D:1      | Grim the Deep Elf Conjurer began the quest for the Orb.
     0 | D:1      | Reached XP level 1. HP: 10/10 MP: 6/6
   190 | D:1      | Reached XP level 2. HP: 15/15 MP: 6/8
   277 | D:1      | Reached skill level 5 in Conjurations
   638 | D:1      | Reached XP level 3. HP: 19/19 MP: 5/9
  1262 | D:1      | Learned a level 2 spell: Searing Ray
  1292 | D:2      | Reached skill level 6 in Conjurations
  1559 | D:2      | Reached XP level 4. HP: 24/24 MP: 8/10
  1874 | D:2      | Found a faded altar of an unknown god.
  2338 | D:3      | Learned a level 4 spell: Iskenderun's Mystic Blast
  2376 | D:3      | Found a white marble altar of Elyvilon.
  2737 | D:3      | Reached skill level 7 in Conjurations
  2737 | D:3      | Reached XP level 5. HP: 28/28 MP: 5/11
  2804 | D:3      | Found a shattered altar of Ashenzari.
  2804 | D:3      | Found an ancient bone altar of Kikubaaqudgha.
  3059 | D:3      | Noticed Jessica
  3062 | D:3      | Killed Jessica
  3910 | D:4      | Noticed a phantom
  3920 | D:4      | Killed a phantom
  3920 | D:4      | Reached skill level 8 in Conjurations
  3920 | D:4      | Reached XP level 6. HP: 32/32 MP: 0/12
  4556 | D:4      | Slain by an ogre

Vault maps used:
D:1:      lemuel_arrival_broad_hall
D:2:      ecumenical_altar_1
D:3:      elyvilon_altar_3, gammafunk_temple_overflow_statue,
          kennysheep_jessica_study

Skill      XL: |  1  2  3  4  5 |
---------------+----------------+-----
Conjurations   | 5 6 7 8 |  8.8
Dodging        | |  2.4
Stealth        | |  2.4
Spellcasting   | |  3.0

Action                   |  1- 3 |  4- 6 || total
-------------------------+-------+-------++-------
Melee: Unarmed           |     3 |     2 ||     5
 Cast: Magic Dart        |    83 |   109 ||   192
       Searing Ray       |       |     7 ||     7
       Iskenderun's Myst |       |     6 ||     6
  Use: Scroll            |       |    17 ||    17
       Potion            |       |     1 ||     1
  Eat: Chunk             |     2 |     8 ||    10
Armor: Robe              |     3 |     6 ||     9
       Leather armour    |       |     1 ||     1
Dodge: Dodged            |    10 |    17 ||    27
